 Dungeon Crawl Stone Soup version 0.32-a0-42-ga30500b4d3 (webtiles) character file.

Game seed: 4457794936416145249

29400 cforsyth the Warrior (level 13, -9/109 HPs)
             Began as a Djinni Hedge Wizard on Jan 30, 2024.
             Was an Initiate of Gozag.
             Killed from afar by a salamander mystic (21 damage)
             ... with a lance of force
             ... in a volcano.
             The game lasted 00:55:46 (25666 turns).

cforsyth the Warrior (Djinni Hedge Wizard)         Turns: 25666, Time: 00:55:47

Health: -9/109     AC: 15    Str: 12    XL:     13   Next: 80%
Gold:   2783       EV: 12    Int: 18    God:    Gozag SH:  5 Dex: 14

rFire   + + .        G - +11 hand axe of Pain and Death {freeze, rC+++ rN+ Str+3 Int-2}
rCold   + + +        (no shield)
rNeg    + . .        h - +2 robe of Beogh {rC+}
rPois   ∞            v - +2 helmet
rElec   .            M - +2 cloak
rCorr   .            e - +0 pair of gloves
SInv    .            (boots unavailable)
Will    ++...        J - amulet of reflection
Stlth   ++           u - +4 ring of protection
HPRegen 0.38/turn    r - ring of willpower
MPRegen 0.00/turn

%: reflection, infuse magic (-10 HP)
@: flying
A: sickness immunity, fire resistance 2, cold vulnerability 1, float, innate
caster, HP casting, extra vitality 1
a: Renounce Religion, Potion Petition, Call Merchant, Bribe Branch


You were in a volcano.
You worshipped Gozag.
Gozag was most pleased with you.
You visited 3 branches of the dungeon, and saw 15 of its levels.
You also visited: Bailey and Volcano.

You collected 3160 gold pieces.
You spent 215 gold pieces at shops.
You paid 162 gold pieces to Gozag.

Inventory:

Hand Weapons
 l - a +2 dagger of draining
 G - the +11 hand axe of Pain and Death (weapon) {freeze, rC+++ rN+ Str+3 Int-2}
   (You found it on level 10 of the Dungeon)

   Str+3:     It affects your strength (+3).
   Int-2:     It affects your intelligence (-2).
   rC+++:     It renders you almost immune to cold.
   rN+:       It protects you from negative energy.
Missiles
 a - 11 throwing nets
Armour
 e - a +0 pair of gloves (worn)
 h - the +2 robe of Beogh (worn) {rC+}
   (You found it on level 4 of the Dungeon)

   rC+:       It protects you from cold.
 v - a +2 helmet (worn)
 M - a +2 cloak (worn)
Jewellery
 b - a +6 ring of dexterity
 d - a ring of positive energy
 g - a +6 ring of intelligence
 r - a ring of willpower (right hand)
 u - a +4 ring of protection (left hand)
 E - a +5 ring of evasion
 J - an amulet of reflection (around neck)
Wands
 y - a wand of digging (7)
 A - a wand of flame (22)
 C - a wand of quicksilver (21)
Scrolls
 i - 3 scrolls of blinking
 m - 7 scrolls of enchant armour
 o - 3 scrolls of vulnerability
 p - a scroll of summoning
 q - a scroll of immolation
 s - 6 scrolls of teleportation
 K - 4 scrolls of identify
 N - a scroll of noise {unknown}
Potions
 c - a potion of haste {unknown}
 f - a potion of lignification
 j - 3 potions of curing
 k - 2 potions of ambrosia
 w - 3 potions of mutation
 x - 2 potions of heal wounds {unknown}
 z - 2 potions of invisibility
 B - a potion of resistance {unknown}
 D - 3 potions of degeneration {unknown}
 F - a potion of brilliance {unknown}
 H - 3 potions of enlightenment {unknown}
 I - a potion of cancellation {unknown}
 L - 3 potions of attraction


   Skills:
 + Level 16.1 Fighting
 - Level 2.1 Dodging
 - Level 1.5 Stealth
 + Level 12.7 Spellcasting
 + Level 12.7 Conjurations
 + Level 12.7 Hexes
 + Level 12.7 Summonings
 + Level 12.7 Necromancy
 + Level 12.7 Translocations
 + Level 12.7 Fire Magic
 + Level 12.7 Ice Magic
 + Level 12.7 Air Magic
 + Level 12.7 Earth Magic
 + Level 12.7 Alchemy


You knew the following spells:

 Your Spells              Type           Power      Damage    Failure   Level
a - Magic Dart            Conj           100%       1d8       1%          1
b - Slow                  Hex            100%       N/A       1%          1
c - Blink                 Tloc           100%       N/A       1%          2
d - Call Imp              Summ           100%       N/A       1%          2
e - Mephitic Cloud        Conj/Alch/Air  55%        N/A       1%          3
f - Foxfire               Conj/Fire      100%       2x1d9     1%          1
g - Mercury Vapours       Alch/Air       100%       N/A       1%          2
h - Fugue of the Fallen   Necr           55%        N/A       1%          3
i - Brom's Barrelling Bo  Conj/Erth      55%        2d7       1%          4
j - Curse of Agony        Necr           55%        N/A       1%          5
k - Alistair's Intoxicat  Alch           36%        N/A       1%          5
Your spell library was empty.

Dungeon Overview and Level Annotations

Branches:
Dungeon (11/15)            Temple (1/1) D:7            Lair (3/5) D:11
  Snake (0/4) Lair:2       Bailey (visited)         Volcano (1/1)
  Swamp: Lair:2-3    Shoals: Lair:2-3       Orc: D:9-12

Altars:
Ashenzari
Cheibriados
Dithmenos
Elyvilon
Fedhas
Gozag
Hepliaklqana
Makhleb
Nemelex Xobeh
Okawaru
Qazlal
Ru
Trog
Uskayaw
Wu Jian
Xom
Yredelemnul
Zin
The Shining One

Shops:
D:1 :[   D:2 [   D:4 ?:(

Annotations:
D:3 3 runed translucent doors, knightboat's ghost, amateur DsGl


Innate Abilities, Weirdness & Mutations

You are immune to sickness and miasma.
You are immune to poison.
Your flesh is very heat resistant. (rF++)
You are vulnerable to cold. (rC-)
You float through the air rather than walking.
You learn spells naturally, not from books.
Your magical power is your life essence.
You have superior vitality. (+4 MHP)


Message History

Aim: a salamander mystic, wielding a +0 dagger and wearing a +0 robe (severely wounded, confused, 100% to hit)
You send a boulder barrelling forward!
* * * LOW HITPOINT WARNING * * *
The salamander mystic seems less confused.
The fire bat bites you but does no damage.
The boulder barrels into the salamander mystic!
The salamander mystic is severely wounded.
The salamander mystic is knocked back.
The salamander mystic casts a spell at you.
The lance of force hits your boulder!
Your boulder is knocked back by the lance of force.
Your boulder collides with you!
* * * LOW HITPOINT WARNING * * *
Your boulder is destroyed!
You miss the fire bat. The fire bat closely misses you.
Casting: Brom's Barrelling Boulder (safe; 1% risk of failure)
Confirm with . or Enter, or press ? or * to list all spells.
Aiming: Brom's Barrelling Boulder (safe; 1% risk of failure)
Press: ? - help, Dir - move target, f/p - salamander mystic
Aim: a salamander mystic, wielding a +0 dagger and wearing a +0 robe (severely wounded, 100% to hit)
You send a boulder barrelling forward!
* * * LOW HITPOINT WARNING * * *
The fire bat bites your boulder.
Your boulder is engulfed in flames.
Your boulder resists.
The salamander mystic gestures at you while chanting.
The bolt of magma hits your boulder!!
Your boulder partially resists.
The bolt of magma hits you! You partially resist.
* * * LOW HITPOINT WARNING * * *
The boulder barrels into the salamander mystic!
The salamander mystic is almost dead.
Your boulder is destroyed!
The fire bat closely misses you.
As you read the scroll of fear, it crumbles to dust.
You assume a fearsome visage.
The fire bat looks frightened!
The salamander mystic easily resists.
The salamander mystic casts a spell at you.
The lance of force hits you!!
You die...
Your body crumbles into a pile of gold.

### ..#### .....#
.....###
.......####
≈.§.......###
≈§§≈......§.###
§≈§§≈§..§.....####
§≈≈≈≈≈§≈§≈.....N@#
≈≈§≈≈≈§≈§.......##
§≈≈§§≈≈§§≈.......#
§§§≈≈≈≈§§≈...b.###
≈≈≈≈≈≈≈≈§≈.......#
≈≈§≈≈≈≈§≈≈.....####
≈§≈≈≈§≈§≈.......#
≈§§§§≈≈≈......###
≈≈§≈§§≈........#


You could see a salamander mystic and a fire bat (fleeing).

Vanquished Creatures
  2 hydras (Lair:2)
  Erica (D:8)
  3 boulder beetles
  2 two-headed ogres
  Amaemon (Lair:2)
  Sonja (D:10)
  Nergalle (Lair:2)
  A spectral death yak (Lair:2)
  An orc knight (Bailey)
  A salamander (Volcano)
  Maurice (D:7)
  A black mamba (Lair:1)
  3 cane toads
  An orange demon (Lair:2)
  A komodo dragon (Lair:1)
  5 kobold demonologists
  Maggie (D:6)
  A hornet (D:10)
  Prince Ribbit (D:6)
  A polar bear (Lair:2)
  Grinder (D:5)
  5 blink frogs (Lair:3)
  A shadow (D:11)
  4 wyverns
  A vampire (D:11)
  A wraith (D:10)
  35 yaks
  2 steam dragons
  5 vampire mosquitoes
  A basilisk (Lair:3)
  Menkaure (D:5)
  An acid dragon (D:8)
  Duvessa (D:6)
  11 water moccasins
  18 orc warriors
  An ice beast (D:5)
  3 sky beasts
  A black bear (D:5)
  10 wolves
  2 ogres
  3 centaurs
  A phantom (D:5)
  4 kobold brigands
  6 bullfrogs
  5 gnoll sergeants
  2 scorpions
  A brain worm (D:3)
  5 wights (D:8)
  Dowan (D:6)
  6 killer bees (D:10)
  7 electric eels
  2 howler monkeys
  7 lava snakes (Volcano)
  5 hounds
  10 orc priests
  2 jellies
  6 gnoll boudas
  A sleepcap (D:7)
  Jessica (D:2)
  10 hell rats
  2 iguanas
  17 orc wizards
  Ijyb (D:4)
  6 adders
  47 gnolls
  A shadow imp (D:8)
  3 white imps (D:8)
  A ribbon worm (D:2)
  3 dart slugs
  35 orcs
  6 bats
  3 endoplasms
  3 giant cockroaches
  4 hobgoblins
  14 jackals
  22 kobolds
  4 quokkas
  7 ball pythons
  8 goblins
  4 rats
  A foxfire (Lair:1)
412 creatures vanquished.

Vanquished Creatures (collateral kills)
  An orc priest (D:6)
  An orc wizard (D:10)
  An orc (D:6)
  An endoplasm (D:2)
  A goblin (D:2)
  53 boulders
  65 foxfires
123 creatures vanquished.

Vanquished Creatures (others)
  45 boulders
  3135 foxfires
3180 creatures vanquished.

Grand Total: 3715 creatures vanquished

Notes
Turn   | Place    | Note
-------+----------+-------------------------------------------
     0 | D:1      | cforsyth the Djinni Hedge Wizard began the quest for the
                  | Orb.
     0 | D:1      | cforsyth set off with the following spells memorised: Magic
                  | Dart, Slow, Blink, Call Imp, Mephitic Cloud.
     0 | D:1      | Reached XP level 1. HP: 15/15 MP: 0/0
   102 | D:1      | Reached XP level 2. HP: 16/22 MP: 0/0
   135 | D:1      | Found Puhecaf's Book Emporium.
   193 | D:1      | Found Makurhu's Armour Boutique.
   229 | D:1      | Reached skill level 1 in Fighting
   741 | D:2      | Found Diaj's Armour Boutique.
   776 | D:2      | Reached XP level 3. HP: 14/27 MP: 0/0
   776 | D:2      | Learned a level 1 spell: Foxfire
   950 | D:2      | Noticed Jessica
   954 | D:2      | Killed Jessica
   955 | D:2      | Reached skill level 2 in Fighting
   955 | D:2      | Reached XP level 4. HP: 33/34 MP: 0/0
  1659 | D:3      | Found a bloodstained altar of Trog.
  1659 | D:3      | Noticed a brain worm
  1864 | D:3      | Noticed knightboat's ghost (amateur DsGl)
  1864 | D:3      | Noticed a kobold brigand
  1864 | D:3      | Found a runed translucent gate.
  1864 | D:3      | Found a runed translucent gate.
  1864 | D:3      | Found a runed translucent gate.
  2009 | D:3      | Reached XP level 5. HP: 39/40 MP: 0/0
  2009 | D:3      | Learned a level 2 spell: Mercury Vapours
  2375 | D:3      | Reached skill level 3 in Fighting
  2951 | D:3      | Killed a brain worm
  3111 | D:4      | Found Vidgh's Magic Scroll Shop.
  3111 | D:4      | Found Guteodd's Book Shop.
  3111 | D:4      | Found Viclore's Weapon Shop.
  3120 | D:3      | Reached XP level 6. HP: 37/47 MP: 0/0
  3273 | D:3      | Reached skill level 4 in Fighting
  3434 | D:4      | Bought a scroll of blinking for 75 gold pieces
  3434 | D:4      | Bought a scroll of teleportation for 30 gold pieces
  3434 | D:4      | Bought a scroll of identify for 20 gold pieces
  3434 | D:4      | Bought a scroll of teleportation for 30 gold pieces
  3623 | D:4      | Bought a scroll of identify for 20 gold pieces
  3623 | D:4      | Bought a scroll of identify for 20 gold pieces
  3623 | D:4      | Bought a scroll of identify for 20 gold pieces
  3813 | D:4      | Identified the +2 robe of Beogh {rC+}
  4071 | D:4      | Noticed an ogre
  4105 | D:4      | Killed an ogre
  4106 | D:4      | Reached XP level 7. HP: 41/53 MP: 0/0
  4106 | D:4      | Learned a level 3 spell: Fugue of the Fallen
  4327 | D:4      | Noticed Ijyb
  4344 | D:4      | Killed Ijyb
  4863 | D:5      | Entered Level 5 of the Dungeon
  4893 | D:5      | Reached skill level 5 in Fighting
  4893 | D:5      | Reached skill level 5 in Spellcasting
  4893 | D:5      | Reached skill level 5 in Conjurations
  4893 | D:5      | Reached skill level 5 in Hexes
  4893 | D:5      | Reached skill level 5 in Summonings
  4893 | D:5      | Reached skill level 5 in Necromancy
  4893 | D:5      | Reached skill level 5 in Translocations
  4893 | D:5      | Reached skill level 5 in Fire Magic
  4893 | D:5      | Reached skill level 5 in Ice Magic
  4893 | D:5      | Reached skill level 5 in Air Magic
  4893 | D:5      | Reached skill level 5 in Earth Magic
  4893 | D:5      | Reached skill level 5 in Alchemy
  4925 | D:5      | Noticed a water moccasin
  4933 | D:5      | Killed a water moccasin
  4982 | D:5      | Reached XP level 8. HP: 50/61 MP: 0/0
  5040 | D:5      | Noticed Menkaure
  5144 | D:5      | Found a white marble altar of Elyvilon.
  5221 | D:5      | Noticed Grinder
  5321 | D:5      | Killed Grinder
  5322 | D:5      | Reached skill level 6 in Fighting
  5418 | D:5      | Noticed a two-headed ogre
  5431 | D:5      | Killed a two-headed ogre
  5432 | D:5      | Reached skill level 7 in Fighting
  5432 | D:5      | Reached XP level 9. HP: 52/70 MP: 0/0
  5432 | D:5      | Learned a level 4 spell: Brom's Barrelling Boulder
  5533 | D:5      | Reached skill level 8 in Fighting
  5687 | D:5      | Found a hide-covered altar of Uskayaw.
  5689 | D:5      | Found a stormy altar of Qazlal.
  5960 | D:5      | Killed Menkaure
  6256 | D:6      | Noticed Duvessa
  6258 | D:6      | Noticed Dowan
  6512 | D:6      | Noticed Prince Ribbit
  6523 | D:6      | Killed Prince Ribbit
  6524 | D:6      | Reached skill level 9 in Fighting
  6548 | D:6      | Noticed a two-headed ogre
  6559 | D:6      | Killed a two-headed ogre
  6560 | D:6      | Reached XP level 10. HP: 64/80 MP: 0/0
  6668 | D:6      | Noticed Maggie
  6690 | D:6      | Killed Maggie
  6691 | D:6      | Reached skill level 10 in Fighting
  6701 | D:6      | Killed Dowan
  6813 | D:6      | Killed Duvessa
  7629 | D:6      | Found an iron altar of Okawaru.
  7851 | D:7      | Identified the +2 pair of boots of Fortitude {Dex+5}
  8215 | D:7      | Noticed Maurice
  8234 | D:7      | Killed Maurice
  8298 | D:7      | Identified the +5 chain mail of Vuskaco {rElec rC- rN+}
  8636 | D:7      | Found a staircase to the Ecumenical Temple.
  8656 | Temple   | Entered the Ecumenical Temple
  8668 | Temple   | Became a worshipper of Gozag Ym Sagoz the Greedy
  8721 | D:7      | Reached skill level 11 in Fighting
  9778 | D:8      | Found a broken altar of Ashenzari.
  9869 | D:8      | Noticed Erica
  9879 | D:8      | Killed Erica
  9880 | D:8      | Reached XP level 11. HP: 71/87 MP: 0/0
  9880 | D:8      | Learned a level 5 spell: Curse of Agony
 10613 | D:8      | Found an ornate altar of the Wu Jian Council.
 11045 | D:9      | Reached skill level 12 in Fighting
 11136 | D:9      | Found a shimmering altar of Xom.
 11139 | D:9      | Found a burning altar of Makhleb.
 11199 | D:9      | Found a snail-covered altar of Cheibriados.
 11199 | D:9      | Found a glowing golden altar of the Shining One.
 11200 | D:9      | Found a hazy altar of Hepliaklqana.
 11200 | D:9      | Found a blossoming altar of Fedhas.
 12013 | D:10     | Entered Level 10 of the Dungeon
 12023 | D:10     | Found a flagged portal.
 12084 | D:10     | Reached skill level 10 in Spellcasting
 12084 | D:10     | Reached skill level 10 in Conjurations
 12084 | D:10     | Reached skill level 10 in Hexes
 12084 | D:10     | Reached skill level 10 in Summonings
 12084 | D:10     | Reached skill level 10 in Necromancy
 12084 | D:10     | Reached skill level 10 in Translocations
 12084 | D:10     | Reached skill level 10 in Fire Magic
 12084 | D:10     | Reached skill level 10 in Ice Magic
 12084 | D:10     | Reached skill level 10 in Air Magic
 12084 | D:10     | Reached skill level 10 in Earth Magic
 12084 | D:10     | Reached skill level 10 in Alchemy
 12173 | D:10     | Identified the +4 halberd "Beast's Death" {heavy, *Corrode
                  | ^Fragile rPois Will+ Str+6}
 12269 | Bailey   | Entered a bailey
 13298 | Bailey   | Noticed an orc knight
 13758 | Bailey   | Killed an orc knight
 14951 | D:10     | Reached skill level 13 in Fighting
 15085 | D:10     | Reached XP level 12. HP: 88/98 MP: 0/0
 15839 | D:10     | Identified the +11 hand axe of Pain and Death {freeze,
                  | rC+++ rN+ Str+3 Int-2}
 16117 | D:10     | Found a shadowy altar of Dithmenos.
 16683 | D:10     | Noticed Sonja
 16699 | D:10     | Killed Sonja
 17277 | D:10     | Found a shadowy altar of Dithmenos.
 17990 | D:11     | Noticed a death yak
 17991 | D:11     | Noticed a death yak
 18367 | D:11     | Noticed a death yak
 18962 | D:11     | Reached skill level 14 in Fighting
 19588 | D:11     | Found a staircase to the Lair.
 19597 | Lair:1   | Entered Level 1 of the Lair of Beasts
 20091 | Lair:1   | Noticed a boulder beetle
 20137 | Lair:1   | Killed a boulder beetle
 20138 | Lair:1   | Reached XP level 13. HP: 71/106 MP: 0/0
 20138 | Lair:1   | Learned a level 5 spell: Alistair's Intoxication
 20330 | Lair:1   | Reached skill level 15 in Fighting
 21903 | Lair:2   | Noticed Amaemon
 21918 | Lair:2   | Killed Amaemon
 21926 | Lair:2   | Noticed an eight-headed hydra
 22218 | Lair:2   | Noticed a six-headed hydra
 22339 | Lair:2   | Noticed Nergalle
 22374 | Lair:2   | Killed Nergalle
 22752 | Lair:2   | Killed a six-headed hydra
 22777 | Lair:2   | Found a staircase to the Snake Pit.
 22876 | Lair:2   | Killed an eight-headed hydra
 24013 | Lair:2   | Noticed a ghost crab
 24809 | Lair:3   | Reached skill level 16 in Fighting
 24828 | Lair:3   | Found a dark tunnel.
 24838 | Volcano  | Entered a volcano
 25460 | Volcano  | Found a burning altar of Makhleb.
 25666 | Volcano  | Killed from afar by a salamander mystic

Illustrated notes

Levels and vault maps discovered:
D:1:      orjb1_clovarrival, layout_basic, serial_shops, nicolae_shop_crystal,
          nicolae_shop_tiny_glass, palyth_stone_intersect, minmay_tetromino_s2
D:2:      wad_crossroads, layout_basic, serial_shops, nicolae_shop_tiny_glass,
          uniq_jessica
D:3:      layout_loops_ring, trog_antimagical, gammafunk_ghost_nasty_kobolds,
          minmay_gold_behind_fungi
D:4:      layout_basic, nicolae_shop_distant_corner_stores, uniq_ijyb
D:5:      layout_rooms, nicolae_elyvilon_peaceful_grove,
          mainiacjoe_overflow_big_doors, uniq_menkaure, uniq_grinder
D:6:      layout_basic, lemuel_doored_altar, uniq_maggie, uniq_prince_ribbit1,
          uniq_duvessa
D:7:      layout_basic, minmay_temple_entry_trees, uniq_maurice
D:8:      layout_basic, nicolae_ashenzari_panopticon, led_sif_book,
          amcnicky_altar_gilded, hangedman_decor_peaks_small,
          minmay_joined_circles, uniq_erica
D:9:      layout_basic, grunt_temple_overflow_open, serial_bayou_ford_a,
          dreamdust_princess_corridor, item_on_display_a
D:10:     layout_big_octagon, grunt_dithmenos_smoke, serial_gnoll_camp,
          gnoll_camp_mini_hut, gnoll_camp_huts_moat, gnoll_camp_mini_hut,
          gnoll_camp_mini_hut, gnoll_camp_medium_02, gnoll_camp_medium_01,
          enter_bailey_2, uniq_sonja
D:11:     layout_stronghold, dpeg_lair_monsters
Temple:   nicolae_temple_two_arcs
Lair:1:   layout_roguey, st_stairs_9, infiniplex_staircase_pool,
          grunt_megastairs_5, serial_bayou_shore_a
Lair:2:   layout_loops_ring, nicolae_swamp_entry_spooky, dummy_snake_entry,
          grunt_megastairs_4, uniq_nergalle, uniq_amaemon
Lair:3:   layout_big_grid, nicolae_volcano_entry_lava_flow, minivault_27,
          serial_bayou_pond_a, uniq_nessos
Volcano:  volcano_lake [vl_original]

Skill      XL: |  1  2  3  4  5  6  7  8  9 10 11 12 13 |
---------------+----------------------------------------+-----
Fighting       | 1 2 3 4 5 7 9 11 13 14 16 | 16.1
Spellcasting   | 4 5 6 8 9 10 11 12 | 12.7
Conjurations   | 4 5 6 8 9 10 11 12 | 12.7
Hexes          | 4 5 6 8 9 10 11 12 | 12.7
Summonings     | 4 5 6 8 9 10 11 12 | 12.7
Necromancy     | 4 5 6 8 9 10 11 12 | 12.7
Translocations | 4 5 6 8 9 10 11 12 | 12.7
Fire Magic     | 4 5 6 8 9 10 11 12 | 12.7
Ice Magic      | 4 5 6 8 9 10 11 12 | 12.7
Air Magic      | 4 5 6 8 9 10 11 12 | 12.7
Earth Magic    | 4 5 6 8 9 10 11 12 | 12.7
Alchemy        | 4 5 6 8 9 10 11 12 | 12.7
Dodging        | |  2.1
Stealth        | |  1.5

Action                     |  1- 3 |  4- 6 |  7- 9 | 10-12 | 13-15 || total
---------------------------+-------+-------+-------+-------+-------++-------
  Melee: Dagger            |     6 |     3 |     2 |    18 |       ||    29
         Hand axe          |       |       |       |     9 |    12 ||    21
         Punch             |       |       |       |       |     1 ||     1
   Cast: Magic Dart        |    45 |       |       |       |       ||    45
         Call Imp          |     2 |       |     1 |    16 |     2 ||    21
         Foxfire           |    14 |   138 |   196 |  1095 |   368 ||  1811
         Mephitic Cloud    |       |    11 |    17 |    82 |    27 ||   137
         Mercury Vapours   |       |     3 |     1 |       |       ||     4
         Brom's Barrelling |       |       |     8 |    29 |    81 ||   118
         Fugue of the Fall |       |       |       |     4 |       ||     4
         Blink             |       |       |       |     2 |     1 ||     3
  Evoke: Wand              |       |       |       |       |    13 ||    13
    Use: Scroll            |       |     8 |     1 |     8 |     3 ||    20
         Potion            |       |       |       |     1 |       ||     1
 Armour: Robe              |     6 |    15 |    16 |   185 |   140 ||   362
  Dodge: Dodged            |    10 |    24 |     7 |   126 |    90 ||   257
  Block: Other             |       |       |       |    22 |    28 ||    50
         Reflection        |       |       |       |     3 |     1 ||     4

Table legend: (Time is in decaauts)
 A = Elapsed time spent in this place.
 B = Non-inter-level travel time spent in this place.
 C = Inter-level travel time spent in this place.
 D = Time resting spent in this place.
 E = Time spent auto-exploring this place.
 F = Levels seen in this place.
 G = Mean time per level.
                   A        B        C        D        E       F      G
               +--------+--------+--------+--------+--------+-----+--------+
         Total |  25698 |  24819 |    879 |   4079 |  15580 |  17 | 1511.6 |
       Dungeon |  16991 |  16198 |    793 |   2690 |  10392 |  11 | 1544.6 |
        Temple |     22 |     12 |     10 |      0 |      0 |   1 |   22.0 |
          Lair |   5212 |   5137 |     75 |    952 |   3107 |   3 | 1737.3 |
        Bailey |   2641 |   2641 |      0 |    339 |   1664 |   1 | 2641.0 |
       Volcano |    830 |    830 |      0 |     98 |    417 |   1 |  830.0 |
               +--------+--------+--------+--------+--------+-----+--------+

Top non-repeatable levels by time:
    D:10: 3339 daAuts
  Lair:1: 2772 daAuts
  Bailey: 2641 daAuts
  Lair:2: 2395 daAuts
     D:3: 1828 daAuts
     D:6: 1610 daAuts
     D:7: 1572 daAuts
     D:9: 1461 daAuts
     D:5: 1392 daAuts
     D:4: 1360 daAuts
     D:8: 1344 daAuts
    D:11: 1242 daAuts
     D:2: 1176 daAuts
 Volcano: 830 daAuts
     D:1: 663 daAuts
